 Dungeon Crawl Stone Soup version 0.17-a0-1479-g4041c36 (webtiles) character file.

60 amnekian the Sneak (level 4, -6/28 HPs)
             Began as an Octopode Transmuter on July 3, 2015.
             Killed from afar by an adder (27 damage)
             ... with an exploding inner flame
             ... hexed by the player character
             ... on level 3 of the Dungeon.
             The game lasted 00:08:04 (2434 turns).

amnekian the Sneak (Octopode Transmuter)            Turns: 2434, Time: 00:08:04

Health: -6/28      AC:  1    Str:  9    XL:     4   Next: 6%
Magic:  5/7        EV: 12    Int: 15    God:
Gold:   46         SH:  0    Dex: 13    Spells: 3 memorised, 1 level left

rFire  . . .     SeeInvis .     k - -2 quarterstaff (curse)
rCold  . . .     Clarity  .     (no shield)
rNeg   . . .     SustAt   .     (helmet restricted)
rPois  .         Gourm    .     (no amulet)
rElec  .         Spirit   .     (no ring)
rCorr  .         Warding  .     (no ring)
rMut   .         Stasis   .     (no ring)
MR     .....                    (no ring)
Stlth  ++++......               (no ring)
                                (no ring)
                                (no ring)
                                (no ring)

@: lethally poisoned (-6 -> -10), not resistant to hostile enchantments,
stealthy
A: almost no armour, amphibious, 8 rings, constrict 8, camouflage 1, gelatinous
body 1
a: no special abilities


You were on level 3 of the Dungeon.
You were near starving.

You visited 1 branch of the dungeon, and saw 3 of its levels.

You collected 46 gold pieces.

Inventory:

Hand weapons
 b - a +0 hunting sling
 k - a cursed -2 quarterstaff (weapon)
Missiles
 a - 8 arrows
 f - 2 javelins (quivered)
 g - 43 stones
Potions
 e - a potion of curing {unknown}
Books
 d - a book of Changes

   Spells                             Type                      Level
   a - Beastly Appendage              Transmutation                1
   b - Sticks to Snakes               Transmutation                2
   c - Spider Form                    Transmutation/Poison         3
   d - Ice Form                       Ice/Transmutation            4
   e - Blade Hands                    Transmutation                5
Comestibles
 c - a bread ration


   Skills:
 - Level 1.0 Fighting
 - Level 2.0 Dodging
 - Level 4.0 Stealth
 - Level 3.0 Unarmed Combat
 - Level 2.0 Spellcasting
 - Level 2.0 Transmutations
 * Level 2.4 Poison Magic


You had one spell level left.
You knew the following spells:

 Your Spells              Type           Power        Failure   Level  Hunger
a - Beastly Appendage     Trmt           #.....       12%         1    #......
b - Sticks to Snakes      Trmt           #.........   14%         2    ###....
c - Spider Form           Trmt/Pois      #.........   30%         3    ###....


Dungeon Overview and Level Annotations

Branches:
Dungeon (3/15)

Altars:

Annotations:
D:2 exclusion: adder


Innate Abilities, Weirdness & Mutations

You cannot wear most types of armour.
You are amphibious.
You can wear up to eight rings at the same time.
You can use your tentacles to constrict eight enemies at once.
Your skin changes colour to match your surroundings (Stealth).
Your rubbery body absorbs attacks (AC +1).


Message History

The creatures around you are filled with an inner flame!
It was a scroll of immolation.
The adder barely misses you.
You hit the adder. You grab the adder.
The adder is lightly wounded.
You constrict the adder. The adder barely misses you. The adder bites you.
You are poisoned.
The adder poisons you!
Unknown command.
You barely miss the adder. You tentacle-slap the adder.
The adder is severely wounded.
You constrict the adder.
The adder explodes!
The fiery explosion engulfs the orc.
The orc explodes!
The fiery explosion engulfs the orc.
You kill the orc!
You have reached level 4!
The fiery explosion engulfs you!
Ouch! That really hurt!
You die...

########
#.o....####
#§#.......########
#§#.##.o..........
#§#.##.o......##
#@#.##.....#..####
#.#.###.#........#
#<#.# #.#.##).....
#.#.. ..... .....#
#.# ##...........
#.# #.......[...
#.# #...........
... #(....S.....
#.# .....#


You could see an orc.

Vanquished Creatures
  An adder (D:2)
  A worm (D:2)
  2 giant geckos (D:1)
  3 orcs (D:3)
  2 hobgoblins (D:1)
  3 jackals (D:1)
  8 kobolds
  5 bats
  3 giant newts (D:1)
  7 goblins
  5 rats
40 creatures vanquished.

Vanquished Creatures (collateral kills)
  An adder (D:2)
1 creature vanquished.

Grand Total: 41 creatures vanquished

Notes
Turn   | Place    | Note
--------------------------------------------------------------
     0 | D:1      | amnekian the Octopode Transmuter began the quest for the Orb.
     0 | D:1      | Reached XP level 1. HP: 13/13 MP: 3/3
    19 | D:1      | Reached skill level 1 in Stealth
   189 | D:1      | Reached XP level 2. HP: 11/18 MP: 3/5
  1017 | D:1      | Reached XP level 3. HP: 23/23 MP: 4/6
  1026 | D:1      | Learned a level 2 spell: Sticks to Snakes
  1030 | D:1      | Learned a level 3 spell: Spider Form
  1159 | D:1      | Reached skill level 4 in Stealth
  1421 | D:2      | Reached skill level 1 in Poison Magic
  2434 | D:3      | Reached XP level 4. HP: 21/28 MP: 5/7
  2434 | D:3      | Killed from afar by an adder

Vault maps used:
D:1:      lightli_arrival_chessboard
D:2:      first_bread

Action                   |  1- 3 |  4- 6 || total
-------------------------+-------+-------++-------
Melee: Unarmed           |    64 |       ||    64
       Quarterstaff      |    16 |       ||    16
 Fire: Hunting sling     |    19 |       ||    19
Throw: Javelin           |     2 |       ||     2
       Stone             |     2 |       ||     2
 Cast: Beastly Appendage |     9 |       ||     9
       Sticks to Snakes  |     4 |       ||     4
       Spider Form       |     3 |       ||     3
  Use: Scroll            |     5 |       ||     5
 Stab: Sleeping          |     6 |       ||     6
  Eat: Chunk             |     4 |       ||     4
